 Dungeon Crawl Stone Soup version 0.28.0-43-g3370ac3207 (webtiles) character file.

Game seed: 6084780919517848474

140 terff the Conjurer (level 5, -1/28 HPs)
             Began as a Deep Elf Conjurer on Mar 21, 2022.
             Killed from afar by an orc wizard (4 damage)
             ... with a puff of flame
             ... on level 4 of the Dungeon.
             The game lasted 00:12:48 (3641 turns).

terff the Conjurer (Deep Elf Conjurer)              Turns: 3641, Time: 00:12:49

Health: -1/28      AC:  3    Str:  4    XL:     5   Next: 2%
Magic:  6/12       EV: 13    Int: 28    God:
Gold:   86         SH:  0    Dex: 13    Spells: 5/11 levels left

rFire   + . .      SeeInvis .   k - +4 long sword of the Head {venom, Int+3}
rCold   x . .      Faith    .   (no shield)
rNeg    . . .      Spirit   .   a - +1 robe
rPois   .          Reflect  .   (no helmet)
rElec   .          Harm     .   (no cloak)
rCorr   .          Rampage  .   (no gloves)
Will    .....                   (no boots)
Stlth   ++........              (no amulet)
HPRegen 0.09/turn               c - ring of fire
MPRegen 0.13/turn               (no ring)

@: no status effects
A: no striking features
a: no special abilities


You were on level 4 of the Dungeon.
You visited 1 branch of the dungeon, and saw 4 of its levels.

You collected 86 gold pieces.

Inventory:

Hand Weapons
 d - a +0 spectral short sword
 i - the +6 shillelagh "Devastator" {shatter}
   (You found it on level 2 of the Dungeon)

   It releases a powerful concussive burst when it strikes, dealing extra damage
   to the target and all other foes adjacent to them.
 k - the +4 long sword of the Head (weapon) {venom, Int+3}
   (You found it on level 3 of the Dungeon)

   It poisons the flesh of those it strikes.
   Int:       It affects your intelligence (+3).
Armour
 a - a +1 robe (worn)
Jewellery
 c - a ring of fire (left hand)
Scrolls
 e - 2 scrolls of enchant armour
 j - a scroll of teleportation
 n - a scroll of silence {unknown}
Potions
 b - 4 potions of mutation
 f - 2 potions of berserk rage
 g - 2 potions of magic
 h - a potion of degeneration {unknown}
 l - a potion of attraction {unknown}
 o - 2 potions of lignification


   Skills:
 + Level 0.1 Long Blades
 + Level 3.2 Dodging
 + Level 2.9 Stealth
 + Level 3.9 Spellcasting
 + Level 6.0 Conjurations


You had 5 spell levels left.
You knew the following spells:

 Your Spells              Type           Power      Damage    Failure   Level
a - Magic Dart            Conj           100%       1d8       1%          1
b - Searing Ray           Conj           78%        2d7       1%          2
c - Conjure Flame         Conj/Fire      33%        6-21      6%          3

Your spell library contained the following spells:

 Spells                   Type           Power      Damage    Failure   Level
 Dazzling Flash           Conj/Hex       44%        N/A       6%          3
 Ignite Poison            Fire/Tmut/Pois 8%         N/A       22%         3
 Summon Guardian Golem    Hex/Summ       5%         N/A       22%         3
 Fulminant Prism          Conj/Hex       11%        3d9       22%         4
 Iskenderun's Mystic Bla  Conj/Tloc      22%        2d6       22%         4
 Sticky Flame             Conj/Fire      33%        2d5       22%         4
 Orb of Destruction       Conj           19%        9d8       99%         7
 Spellforged Servitor     Conj/Summ      11%        N/A       100%        7


Dungeon Overview and Level Annotations

Branches:
Dungeon (4/15)
 Temple: D:4-7

Altars:


Message History

Deactivating autopickup; reactivate with Ctrl-A.
The orc hits you with a +0 mace!
A magic dart appears from out of thin air!
The magic dart hits you!
Casting: Magic Dart (safe; 1% risk of failure)
Confirm with . or Enter, or press ? or * to list all spells.
The spell is quite dangerous to miscast (7% risk of failure)!
Continue anyway?
You feel a surge of power!
The fire begins to smoulder!
The orc smothers the flame.
An endoplasm comes into view.
Found 17 gold pieces.
Found a dented citrine amulet and 13 gold pieces.
Casting: Conjure Flame (quite dangerous; 7% risk of failure)
Confirm with . or Enter, or press ? or * to list all spells.
Aiming: Searing Ray (safe; 1% risk of failure)
Press: ? - help, Shift-Dir - straight line The searing ray hits the orc!
You kill the orc!
The searing ray hits the orc!
You kill the orc! (Press . to maintain the ray.)
A magic dart appears from out of thin air!
The magic dart hits you.
* * * LOW HITPOINT WARNING * * *
The searing ray hits the jelly!
The jelly is severely wounded.
The searing ray hits the jelly!
You kill the jelly!
Something hits you.
* * * LOW HITPOINT WARNING * * *
Your Dodging skill increases to level 3!
You have reached level 5!
Unknown command.
You closely miss something. Something hits you.
* * * LOW HITPOINT WARNING * * *
An orc wizard appears from thin air!
Reactivating autopickup.
The orc wizard casts a spell at you. The puff of flame hits you. You resist.
You die...

#.# #.# .. #.# #####.
#.# ..##.
#.######.##.######
#.##.."...#......#
#####.##.....)##.###.#
#....@.o...........#.#
#.#...######....).)...
.......# ##.###.##.#
#.....#.. ..........#
#.....##.
#.###.##.#### ..#.#.
#. # #.##.# . #.# #
.##J# . .##$$ .....


You could see an orc wizard.

Vanquished Creatures
  A jelly (D:4)
  Robin (D:3)
  4 adders
  2 worms (D:2)
  3 dart slugs
  2 orcs (D:4)
  4 endoplasms
  9 goblins
  7 hobgoblins
  6 kobolds (D:1)
  A quokka (D:4)
  4 ball pythons
  3 bats
  2 rats (D:1)
49 creatures vanquished.

Notes
Turn   | Place    | Note
-------+----------+-------------------------------------------
     0 | D:1      | terff the Deep Elf Conjurer began the quest for the Orb.
     0 | D:1      | Reached XP level 1. HP: 10/10 MP: 6/6
   459 | D:1      | Found a faded altar of an unknown god.
   466 | D:1      | Reached XP level 2. HP: 15/15 MP: 4/8
  1122 | D:2      | Learned a level 2 spell: Searing Ray
  1130 | D:2      | Found the +6 shillelagh "Devastator" {shatter}
  1310 | D:2      | Reached skill level 5 in Conjurations
  1468 | D:2      | Reached XP level 3. HP: 15/19 MP: 5/9
  2443 | D:3      | Learned a level 3 spell: Conjure Flame
  2545 | D:3      | Noticed Robin
  2549 | D:3      | Reached XP level 4. HP: 21/24 MP: 6/11
  2789 | D:3      | Killed Robin
  2909 | D:3      | Identified the +4 long sword of the Head {venom, Int+3}
  3260 | D:4      | Reached skill level 6 in Conjurations
  3328 | D:4      | Noticed a phantom
  3631 | D:4      | Reached XP level 5. HP: 4/28 MP: 4/12
  3641 | D:4      | Killed from afar by an orc wizard

Illustrated notes

Levels and vault maps discovered:
D:1:      lemuel_arrival_tunnels, layout_loops_corners,
          dreamdust_ecumenical_altar_grove
D:2:      layout_basic
D:3:      layout_basic, uniq_robin
D:4:      layout_basic, minmay_temple_entry_waves, minmay_misc_feat_hallway,
          nrook_loot_triangle, uniq_ijyb

Skill      XL: |  1  2  3  4 |
---------------+-------------+-----
Conjurations   | 5 6 |  6.0
Dodging        | 3 |  3.2
Long Blades    | |  0.1
Stealth        | |  2.9
Spellcasting   | |  3.9

Action                   |  1- 3 |  4- 6 || total
-------------------------+-------+-------++-------
Melee: Short sword       |     1 |       ||     1
       Shillelagh        |     4 |       ||     4
       Long sword        |       |     9 ||     9
 Cast: Magic Dart        |    56 |    20 ||    76
       Searing Ray       |     1 |     3 ||     4
       Conjure Flame     |       |     2 ||     2
  Use: Scroll            |     6 |     3 ||     9
Armor: Robe              |     2 |     3 ||     5
Dodge: Dodged            |     3 |    11 ||    14
